 Dungeon Crawl Stone Soup version 0.18.1-8-gdd0e5ea (webtiles) character file.

163 Denchik the Sneak (level 5, 0/39 HPs)
             Began as a Demonspawn Assassin on May 28, 2016.
             Slain by an adder (2 damage)
             ... on level 1 of the Dungeon.
             The game lasted 00:07:54 (3076 turns).

Denchik the Sneak (Demonspawn Assassin)             Turns: 3076, Time: 00:07:54

Health: 0/39       AC:  3    Str: 12    XL:     5   Next: 20%
Magic:  5/5        EV: 12    Int: 12    God:
Gold:   153        SH:  0    Dex: 15    Spells: 0 memorised, 4 levels left

rFire  . . .     SeeInvis .     a - +2 dagger
rCold  . . .     Gourm    .     c - +0 robe
rNeg   . . .     Faith    .     (no shield)
rPois  .         Spirit   .     (helmet restricted)
rElec  .         Dismiss  .     d - +0 cloak
rCorr  .         Reflect  .     (no gloves)
SustAt .         Harm     .     (no boots)
MR     .....                    (no amulet)
Stlth  +++.......               (no ring)
                                (no ring)

@: not resistant to hostile enchantments, fairly stealthy
A: horns 1, foul stench 1, rot immunity
a: no special abilities


You were on level 1 of the Dungeon.
You were not hungry.

You visited 1 branch of the dungeon, and saw 3 of its levels.

You collected 153 gold pieces.

Inventory:

Hand Weapons
 a - a +2 dagger (weapon)
 b - a +0 blowgun
Missiles
 e - 18 poisoned needles
 f - 2 curare-tipped needles
Armour
 c - a +0 robe (worn)
 d - a +0 cloak (worn)
Wands
 h - a wand of iceblast (5/15)
Scrolls
 i - a scroll of teleportation {unknown}
 j - a scroll of fear {unknown}
 k - a scroll of amnesia {unknown}
 l - 4 scrolls of identify {unknown}
 n - a scroll of random uselessness {unknown}
 p - a scroll of noise {unknown}
 q - a scroll of remove curse {unknown}
 r - a scroll of immolation {unknown}
Potions
 s - a potion of might {unknown}
Comestibles
 g - 3 bread rations
 o - 5 chunks of flesh


   Skills:
 + Level 2.4 Fighting
 + Level 2.4 Short Blades
 - Level 1.7 Throwing
 + Level 2.0 Dodging
 * Level 5.3 Stealth


You had 4 spell levels left.
You didn't know any spells.

Dungeon Overview and Level Annotations

Branches:
Dungeon (3/15)

Altars:
Elyvilon
Makhleb


Innate Abilities, Weirdness & Mutations

You have a pair of small horns on your head.
You may emit foul miasma when damaged in melee.
You are immune to rotting.


Message History

The gnoll hits you with a halberd!
You emit a cloud of foul miasma!
The gnoll hits you from afar with a spear!
The gnoll hits you from afar with a spear.
* * * LOW HITPOINT WARNING * * *
The gnoll is engulfed in dark miasma.
The gnoll is poisoned.
The gnoll seems to slow down.
The gnoll closely misses you.
The gnoll is engulfed in dark miasma.
The gnoll looks even sicker.
You kill the gnoll!
You see here a gnoll skeleton.
The adder closely misses you. The gnoll completely misses you.
There is a stone staircase leading up here.
The adder bites you.
* * * LOW HITPOINT WARNING * * *
The gnoll hits you!
* * * LOW HITPOINT WARNING * * *
You climb upwards.
There is a stone staircase leading down here.
It was a potion of cancellation.
You feel magically purged. The adder bites you.
You die...

##.#.####...#
########.#.......
#.....#.....# #.#####.##
...........## #.# #.#
#.....#.#.## ### #.# #.##
##.#.##.#.# ##.#######.#
#...
#.#.##.#.#####>#........#
####
##.#.##........###.#######
# .....####.#####g#S## #
.#.### #...# ##@## #
#..########.# ### ######
.........##.# #.....
##.#####.##.# #.#### ##.#
#.##.# #.# # #.# #.##.#
#.# # #.# #.##.# #.# # #.#
#.##.# #.#### #.# #.##.#
#########.#...


You could see a gnoll and an adder.

Vanquished Creatures
  5 gnolls
  4 adders
  An ooze (D:1)
  2 dart slugs (D:2)
  3 giant geckos (D:1)
  3 orcs (D:3)
  3 giant cockroaches (D:3)
  10 goblins
  4 hobgoblins
  4 jackals (D:1)
  2 quokkas (D:2)
  2 ball pythons (D:2)
  5 bats
  3 giant newts
  8 kobolds
  9 rats
68 creatures vanquished.

Notes
Turn   | Place    | Note
--------------------------------------------------------------
     0 | D:1      | Denchik the Demonspawn Assassin began the quest for the Orb.
     0 | D:1      | Reached XP level 1. HP: 16/16 MP: 1/1
   150 | D:1      | Reached skill level 4 in Stealth
   233 | D:1      | Gained mutation: You are immune to rotting. [demonic ancestry]
   233 | D:1      | Reached XP level 2. HP: 20/22 MP: 2/2
   387 | D:1      | Reached skill level 1 in Dodging
   670 | D:1      | Reached XP level 3. HP: 26/27 MP: 3/3
   745 | D:2      | Found a burning altar of Makhleb.
  1102 | D:2      | You fall through a shaft!
  1424 | D:3      | Gained mutation: You may emit foul miasma when damaged in melee. [demonic ancestry]
  1424 | D:3      | Reached XP level 4. HP: 23/33 MP: 4/4
  1579 | D:3      | Reached skill level 5 in Stealth
  2128 | D:3      | Found a white marble altar of Elyvilon.
  2682 | D:2      | Gained mutation: You have a pair of small horns on your head. [demonic ancestry]
  2682 | D:2      | Reached XP level 5. HP: 31/39 MP: 5/5
  3074 | D:2      | HP: 1/39 [gnoll (8)]
  3076 | D:1      | Slain by an adder

Skill      XL: |  1  2  3  4  5 |
---------------+----------------+-----
Stealth        | 4 5 |  5.3
Dodging        | 1 2 |  2.0
Short Blades   | 2 |  2.4
Fighting       | |  2.4
Throwing       | |  1.7

Action                   |  1- 3 |  4- 6 || total
-------------------------+-------+-------++-------
Melee: Dagger            |   136 |   100 ||   236
       Headbutt          |       |     5 ||     5
  Use: Potion            |       |     1 ||     1
 Stab: Sleeping          |     6 |     6 ||    12
       Distracted        |     1 |       ||     1
  Eat: Chunk             |     1 |     6 ||     7
Armor: Robe              |    31 |    13 ||    44
Dodge: Dodged            |    80 |    62 ||   142
